 Dungeon Crawl Stone Soup version 0.31-a0-66-ge618eeaa78 (webtiles) character file.

Game seed: 5115047456262423521

581 loir the Sneak (level 7, -4/44 HPs)
             Began as a Kobold Brigand on May 22, 2023.
             Was an Initiate of Wu Jian.
             Slain by Crazy Yiuf
             ... wielding a +3 quarterstaff of chaos
              (10 damage)
             ... on level 4 of the Dungeon on May 23, 2023.
             The game lasted 00:24:49 (3547 turns).

loir the Sneak (Kobold Brigand)                     Turns: 3547, Time: 00:24:49

Health: -4/44      AC:  3    Str:  8    XL:     7   Next: 63%
Magic:  7/7        EV: 16    Int: 12    God:    Wu Jian [......]
Gold:   161        SH:  0    Dex: 19    Spells: 6/6 levels left

rFire   + + .        a - +2 dagger (flame)
rCold   . . .        (no shield)
rNeg    . . .        b - +0 robe
rPois   +            (no helmet)
rElec   +            c - +0 cloak
rCorr   +            (no gloves)
SInv    .            (no boots)
Will    .....        (no amulet)
Stlth   +++++        l - ring of fire
HPRegen 0.27/turn    (no ring)
MPRegen 0.10/turn

%: no passive effects
@: resistant
A: small, no large weapons, nightstalker 3
a: Renounce Religion


You were on level 4 of the Dungeon.
You worshipped Wu Jian.
Wu Jian was noncommittal.
You visited 1 branch of the dungeon, and saw 4 of its levels.

You collected 161 gold pieces.

Inventory:

Hand Weapons
 a - a +2 dagger of flaming (weapon)
 k - a +0 dagger of holy wrath
Missiles
 d - 14 poisoned darts
 e - 3 curare-tipped darts
 f - 39 stones (quivered)
 o - a throwing net
 p - 4 boomerangs
Armour
 b - a +0 robe (worn)
 c - a +0 cloak (worn)
Jewellery
 l - a ring of fire (left hand)
 t - an amulet of magic regeneration
Wands
 j - a wand of paralysis (9)
 s - a wand of mindburst (6)
 v - a wand of flame (10)
Potions
 g - a potion of might
 h - a potion of cancellation {unknown}
 i - 2 potions of mutation {unknown}
 m - a potion of berserk rage {unknown}
 n - 2 potions of resistance
 q - 3 potions of curing
 r - a potion of heal wounds
 u - 2 potions of degeneration {unknown}


   Skills:
 + Level 4.3 Fighting
 + Level 5.1 Short Blades
 + Level 4.2 Throwing
 + Level 4.0 Dodging
 + Level 7.3 Stealth


You had 6 spell levels left.
You didn't know any spells.
Your spell library contained the following spells:

 Spells                   Type           Power      Damage    Failure   Level
 Cigotuvi's Dreadful Rot  Necr/Pois/Air  0%         N/A       45%         2
 Ignite Poison            Fire/Tmut/Pois 0%         N/A       69%         3
 Freezing Cloud           Conj/Ice/Air   0%         6-21      100%        5


Dungeon Overview and Level Annotations

Branches:
Dungeon (4/15)
 Temple: D:4-7

Altars:
Ashenzari
Cheibriados
Dithmenos
Gozag
Nemelex Xobeh
Okawaru
Qazlal
Wu Jian

Shops:
D:2 !

Annotations:
D:4 Crazy Yiuf


Innate Abilities, Weirdness & Mutations

You are small and have problems with some larger weapons.
You are completely attuned to the shadows.


Message History

As you read the scroll of identify, it crumbles to dust.
q - 3 potions of curing
Found a hammer.
You open the door.
Crazy Yiuf shouts!
There is an open translucent door here.
You lunge at Crazy Yiuf.
You hit Crazy Yiuf. You burn Crazy Yiuf.
Crazy Yiuf is lightly wounded.
Crazy Yiuf hits you with a +3 quarterstaff of chaos!
You feel protected.
You hit Crazy Yiuf. You burn Crazy Yiuf.
Crazy Yiuf is moderately wounded.
Crazy Yiuf closely misses you.
You closely miss Crazy Yiuf.
Crazy Yiuf is lightly wounded.
Crazy Yiuf sings, "Trees, trees, trees, circus!"
Crazy Yiuf drinks a potion.
Crazy Yiuf seems to speed up.
You hit Crazy Yiuf. You burn Crazy Yiuf.
Crazy Yiuf is moderately wounded.
Crazy Yiuf completely misses you.
You closely miss Crazy Yiuf.
Crazy Yiuf is moderately wounded.
Crazy Yiuf hits you with a +3 quarterstaff of chaos!
You completely miss Crazy Yiuf.
Crazy Yiuf is moderately wounded.
Crazy Yiuf hits you with a +3 quarterstaff of chaos!
You hit Crazy Yiuf. You burn Crazy Yiuf.
Crazy Yiuf is severely wounded.
Crazy Yiuf hits you with a +3 quarterstaff of chaos!
* * * LOW HITPOINT WARNING * * *
You feel protected.
You hit Crazy Yiuf. You burn Crazy Yiuf.
Crazy Yiuf is almost dead.
Crazy Yiuf hits you with a +3 quarterstaff of chaos.
* * * LOW HITPOINT WARNING * * *
Crazy Yiuf freezes you.
* * * LOW HITPOINT WARNING * * *
Crazy Yiuf attacks as you move away!
Crazy Yiuf hits you with a +3 quarterstaff of chaos!
You die...

####........##.####
#..
#............#.#
#..
#.##...>.....#.#
##########..
#.##############
#........... ##.#
#...........
#..##♣♣♣♣♣
#..........#
#.##...♣.♣♣♣#####
#..........#
#.......♣..♣#...#
#..........#
#......♣♣♣♣.'@g.#
#..........#
##.#..♣♣ ♣♣#..)#
#......†...# ####♣♣
##### #..........#
#..........#
#..........# ###
### #..........#
#.#
#.#############'##
#.#
#...............#
####.#
#################


You could see Crazy Yiuf (fast).

Vanquished Creatures
  Grinder (D:3)
  Pargi (D:3)
  2 black bears (D:4)
  Ijyb (D:3)
  2 worms (D:2)
  A dart slug (D:2)
  6 orcs
  8 endoplasms
  8 goblins
  6 hobgoblins
  3 jackals (D:4)
  3 quokkas
  7 ball pythons
  4 bats
  3 frilled lizards
  5 kobolds
  9 rats
70 creatures vanquished.

Notes
Turn   | Place    | Note
-------+----------+-------------------------------------------
     0 | D:1      | loir the Kobold Brigand began the quest for the Orb.
     0 | D:1      | Reached XP level 1. HP: 12/12 MP: 1/1
   202 | D:1      | Reached XP level 2. HP: 17/18 MP: 2/2
  1008 | D:2      | Reached XP level 3. HP: 22/22 MP: 3/3
  1366 | D:2      | Found Patex's Distillery.
  1829 | D:3      | Noticed Pargi
  1831 | D:3      | Killed Pargi
  1832 | D:3      | Reached skill level 6 in Stealth
  1832 | D:3      | Reached XP level 4. HP: 28/28 MP: 4/4
  1832 | D:3      | Reached XP level 5. HP: 32/32 MP: 5/5
  2054 | D:3      | Identified the +7 mace "Iseobiot" {holy, rN+ Dex+3}
  2239 | D:3      | Noticed Ijyb
  2241 | D:3      | Paralysed by Ijyb for 5 turns
  2244 | D:3      | Noticed Grinder
  2262 | D:3      | Killed Ijyb
  2295 | D:3      | Killed Grinder
  2296 | D:3      | Reached XP level 6. HP: 2/38 MP: 6/6
  2296 | D:3      | Reached XP level 7. HP: 2/42 MP: 7/7
  2808 | D:4      | Found a stormy altar of Qazlal.
  2817 | D:4      | Found an ornate altar of the Wu Jian Council.
  2822 | D:4      | Found a shadowy altar of Dithmenos.
  2832 | D:4      | Became a worshipper of the Wu Jian Council
  3074 | D:4      | Reached skill level 7 in Stealth
  3097 | D:4      | Reached skill level 5 in Short Blades
  3151 | D:4      | Found a broken altar of Ashenzari.
  3151 | D:4      | Found an opulent altar of Gozag.
  3155 | D:4      | Found a sparkling altar of Nemelex Xobeh.
  3162 | D:4      | Found a snail-covered altar of Cheibriados.
  3503 | D:4      | Found an iron altar of Okawaru.
  3532 | D:4      | Found a runed translucent door.
  3536 | D:4      | Noticed Crazy Yiuf
  3547 | D:4      | Slain by Crazy Yiuf

Illustrated notes

Levels and vault maps discovered:
D:1:      dpeg_arrival_more_subterranean_lakeside_camping, layout_basic,
          serial_curves, eino_curves_01, eino_curves_03
D:2:      layout_basic, serial_shops, shop
D:3:      layout_loops_ring, uniq_ijyb, uniq_grinder, uniq_pargi
D:4:      layout_basic, grunt_temple_overflow_open, okawaru_metal_pillars_1_2,
          minmay_overflow_temple_star_quad, nicolae_underground_beach,
          uniq_crazy_yiuf_cottage

Skill      XL: |  1  2  3  4  5  6  7 |
---------------+----------------------+-----
Short Blades   | 3 4 5 |  5.1
Dodging        | 2 3 4 |  4.0
Fighting       | 3 4 |  4.3
Throwing       | 3 4 |  4.2
Stealth        | 6 7 |  7.3

Action                     |  1- 3 |  4- 6 |  7- 9 || total
---------------------------+-------+-------+-------++-------
  Melee: Dagger            |    98 |    45 |    46 ||   189
         Punch             |     1 |       |       ||     1
  Throw: Stone             |     7 |       |     5 ||    12
Ability: Lunge             |       |       |     5 ||     5
    Use: Scroll            |    10 |       |     2 ||    12
         Potion            |       |     4 |       ||     4
   Stab: Sleeping          |    17 |     3 |    14 ||    34
         Distracted        |     1 |       |       ||     1
 Armour: Robe              |    10 |     1 |       ||    11
  Dodge: Dodged            |    45 |    12 |    17 ||    74

Table legend: (Time is in decaauts)
 A = Elapsed time spent in this place.
 B = Non-inter-level travel time spent in this place.
 C = Inter-level travel time spent in this place.
 D = Time resting spent in this place.
 E = Time spent auto-exploring this place.
 F = Levels seen in this place.
 G = Mean time per level.
                   A        B        C        D        E       F      G
               +--------+--------+--------+--------+--------+-----+--------+
         Total |   3493 |   3313 |    180 |    182 |   2624 |   4 |  873.2 |
       Dungeon |   3493 |   3313 |    180 |    182 |   2624 |   4 |  873.2 |
               +--------+--------+--------+--------+--------+-----+--------+

Top non-repeatable levels by time:
     D:1: 975 daAuts
     D:3: 951 daAuts
     D:4: 838 daAuts
     D:2: 727 daAuts
